 Dungeon Crawl Stone Soup version 0.29-a0-234-g0dae59b3db (webtiles) character file.

Game seed: 14990176411002009729

22 n8rtot the Ducker (level 2, 0/14 HPs)
             Began as a Felid Berserker on Mar 2, 2022.
             Was a Follower of Trog.
             Constricted to death by a ball python (1 damage)
             ... on level 2 of the Dungeon.
             The game lasted 00:02:47 (574 turns).

n8rtot the Ducker (Felid Berserker)                  Turns: 574, Time: 00:02:47

Health: 0/14       AC:  1    Str: 13    XL:     2   Next: 68%
Magic:  3/3        EV: 15    Int:  8    God:    Trog [*.....]
Gold:   74         SH:  0    Dex: 15    Spells: 1/1 levels left
                                        Lives:  0   Deaths: 0

rFire   . . .      SeeInvis +     - Unarmed
rCold   . . .      Faith    .   (shield unavailable)
rNeg    . . .      Spirit   .   (body armour unavailable)
rPois   .          Reflect  .   (helmet unavailable)
rElec   .          Harm     .   (cloak unavailable)
rCorr   .          Rampage  .   (gloves unavailable)
Will    .....                   (boots unavailable)
Stlth   +.........              (no amulet)
HPRegen 0.04/turn               (no ring)
MPRegen 0.08/turn               (no ring)

@: constricted, quick
A: very small, claws 1, fangs 3, see invisible, speed 1, shaggy fur 1, stealthy
paws, no weapons or thrown items, no armour, multi-lived
a: Renounce Religion, Berserk


You were on level 2 of the Dungeon.
You worshipped Trog.
Trog was aware of your devotion.
You visited 1 branch of the dungeon, and saw 2 of its levels.

You collected 74 gold pieces.

Inventory:

Scrolls
 a - a scroll of summoning {unknown}
 b - a scroll of immolation {unknown}
Potions
 c - a potion of might {unknown}
 d - a potion of heal wounds {unknown}


   Skills:
 + Level 3.3 Fighting
 + Level 4.4 Dodging
 + Level 3.4 Unarmed Combat


You had one spell level left.
You didn't know any spells.
Your spell library was empty.

Dungeon Overview and Level Annotations

Branches:
Dungeon (2/15)

Altars:


Innate Abilities, Weirdness & Mutations

You have sharp claws.
You have razor-sharp teeth.
You have supernaturally acute eyesight. (SInv)
You cover ground quickly. (Speed+)
You are covered in fur. (AC +1)
Your paws help you pounce on unaware monsters.
You are incapable of wielding weapons or throwing items.
You cannot wear armour.
You gain extra lives every three experience levels.


Message History

You kill the bat!
Trog accepts your kill.
You see here a bat corpse.
You claw the giant cockroach!
You kill the giant cockroach!
Trog accepts your kill.
Found 9 gold pieces.
The goblin misses you.
You scratch the goblin.
You kill the goblin!
Trog accepts your kill. The adder bites you but does no damage.
You barely miss the ball python. The adder closely misses you.
The ball python bites you. The ball python completely misses you.
You scratch the adder but do no damage. The adder bites you.
The ball python bites you. The ball python misses you.
The adder barely misses you.
You scratch the adder.
The adder is lightly wounded.
The ball python closely misses you. The ball python barely misses you.
The adder closely misses you. The ball python misses you.
The ball python closely misses you.
A ball python comes into view.
Found 8 gold pieces.
Found a stone staircase leading down.
The ball python hisses angrily.
You claw the adder! Your bite misses the adder.
The adder is almost dead.
The ball python bites you. The ball python grabs you.
The ball python constricts you.
* * * LOW HITPOINT WARNING * * *
The adder bites you.
* * * LOW HITPOINT WARNING * * *
You barely miss the adder. You bite the adder.
You kill the adder!
Trog accepts your kill. The ball python misses you.
The ball python constricts you.
* * * LOW HITPOINT WARNING * * *
The ball python bites you.
* * * LOW HITPOINT WARNING * * *
The ball python constricts you.
You die...

######## ####.......
........... #.......
######..# #.......
##S@S.>$# #.......
#.†###### ####.###
########.## ##.#
.........# #..# .........#
##.## .........# ###..# #
.........# #...##...
.....?...## ###.##...#
......).†.#######......###


You could see 2 ball pythons.

Vanquished Creatures
  An adder (D:2)
  A worm (D:2)
  2 bats
  An endoplasm (D:1)
  5 giant cockroaches
  A goblin (D:2)
  A hobgoblin (D:1)
  A kobold (D:1)
  A quokka (D:1)
  3 rats
17 creatures vanquished.

Notes
Turn   | Place    | Note
-------+----------+-------------------------------------------
     0 | D:1      | n8rtot the Felid Berserker began the quest for the Orb.
     0 | D:1      | Reached XP level 1. HP: 10/10 MP: 2/2
   202 | D:1      | Reached XP level 2. HP: 14/14 MP: 3/3
   574 | D:2      | Constricted to death by a ball python

Illustrated notes

Levels and vault maps discovered:
D:1:      wander_arrival_fairy_ring, layout_basic, serial_glass,
          glass_columns_a, glass_columns_a, due_unseen_surprise,
          minmay_strange_pillars, minmay_worlds_worst_comb
D:2:      layout_rooms, serial_shops, nicolae_shop_bloodbath_and_beyond

Action                   || total
-------------------------++-------
Melee: Unarmed           ||    45
       Bite              ||     5
       Punch             ||     2
 Stab: Sleeping          ||     1
Armor: Skin              ||     2
Dodge: Dodged            ||    40

Table legend: (Time is in decaauts)
 A = Elapsed time spent in this place.
 B = Non-inter-level travel time spent in this place.
 C = Inter-level travel time spent in this place.
 D = Time resting spent in this place.
 E = Time spent auto-exploring this place.
 F = Levels seen in this place.
 G = Mean time per level.
                   A        B        C        D        E       F      G
               +--------+--------+--------+--------+--------+-----+--------+
         Total |    488 |    484 |      4 |      0 |    344 |   2 |  244.0 |
       Dungeon |    488 |    484 |      4 |      0 |    344 |   2 |  244.0 |
               +--------+--------+--------+--------+--------+-----+--------+

Top non-repeatable levels by time:
     D:1: 436 daAuts
     D:2: 52 daAuts
